 Dungeon Crawl Stone Soup version 0.21.1-1-g345015f (webtiles) character file.

1558710 pk666 the Slayer (level 27, 239/239 (242) HPs)
             Began as a Minotaur Berserker on Feb 6, 2018.
             Was the Champion of Trog.
             Escaped with the Orb
             ... and 3 runes on Feb 8, 2018!
             The game lasted 08:59:27 (88965 turns).

pk666 the Slayer (Minotaur Berserker)              Turns: 88965, Time: 08:59:28

HP:   239/239 (242) AC: 42    Str: 33    XL:     27
MP:   22/22         EV: 23    Int: 11    God:    Trog [******]
Gold: 6931          SH:  6    Dex: 20    Spells: 26/26 levels left

rFire    + + .     SeeInvis +   a - +7 executioner's axe of Kovoghax {venom, rElec Int+6}
rCold    + + .     Gourm    .   (shield currently unavailable)
rNeg     + + .     Faith    .   k - +5 gold dragon scales
rPois    +         Spirit   .   F - +2 hat
rElec    +         Reflect  +   J - +2 cloak {MR+}
rCorr    .         Harm     .   P - +0 pair of gloves of the Commoners {*Slow +Blink rN++ Dex+9}
MR       ++++.     Rnd*Rage +   A - +2 pair of boots {Stlth+}
Stlth    ..........             V - +6 amulet of reflection
HPRegen  0.49/turn              M - ring of protection from magic
MPRegen  0.18/turn              B - ring of Toushur {*Contam rF+ rC+ SInv Stlth-}

@: no status effects
A: retaliatory headbutt, horns 2, berserk 1, frail 1, screaming 2, no potion
heal 2
0: Orb of Zot
}: 3/15 runes: serpentine, barnacled, silver
a: Berserk, Trog's Hand, Brothers in Arms, Burn Spellbooks, Renounce Religion,
Evoke Blink


You escaped.
You worshipped Trog.
Trog was exalted by your worship.
You were not hungry.

You visited 10 branches of the dungeon, and saw 50 of its levels.
You visited the Abyss 1 time.
You also visited: Labyrinth and Ossuary.

You collected 7779 gold pieces.
You spent 848 gold pieces at shops.

Inventory:

Hand Weapons
 a - the +7 executioner's axe of Kovoghax (weapon) {venom, rElec Int+6}
   (Trog gifted it to you on level 2 of the Shoals)

   It poisons the flesh of those it strikes.
   It affects your intelligence (+6).
   It insulates you from electricity.
 b - a +9 triple crossbow of flaming
Missiles
 s - 2258 bolts
Armour
 c - the +7 Kryia's mail coat {PotionHeal*2 rC+}
   (You acquired it on level 4 of the Realm of Zot)

   It protects you from cold.
 h - the +2 ratskin cloak {+Rats rPois rN+ Str-1 Int-1 Dex+1}
   (You found it on level 3 of the Lair of Beasts)

   It affects your strength (-1).
   It affects your intelligence (-1).
   It affects your dexterity (+1).
   It protects you from poison.
   It protects you from negative energy.
 k - +5 gold dragon scales (worn)
 A - a +2 pair of boots of stealth (worn)
 F - a +2 hat (worn)
 J - a +2 cloak of magic resistance (worn)
 P - the +0 pair of gloves of the Commoners (worn) {*Slow +Blink rN++ Dex+9}
   (You found it on level 3 of the Elven Halls)

   It affects your dexterity (+9).
   It greatly protects you from negative energy.
   It lets you blink.
   It may slow you when you take damage.
Jewellery
 i - an uncursed ring of ice {unknown}
 r - the amulet "Giof" {Faith rC- Int+3 Dex+8}
   (You acquired it on level 1 of the Lair of Beasts)

   [amulet of faith]

   It allows you to gain divine favour quickly.
   It affects your intelligence (+3).
   It affects your dexterity (+8).
   It makes you vulnerable to cold.
 B - the ring of Toushur (right hand) {*Contam rF+ rC+ SInv Stlth-}
   (You found it on level 2 of the Shoals)

   [ring of loudness]

   It protects you from fire.
   It protects you from cold.
   It lets you see invisible.
   It causes magical contamination when unequipped.
   It makes you less stealthy.
 M - a ring of protection from magic (left hand)
 U - the ring "Ellaoxza" {Str+3 Int+3 Dex+3 Stlth-}
   (You took it off a deep elf elementalist on level 3 of the Elven Halls)

   [ring of loudness]

   It affects your strength (+3).
   It affects your intelligence (+3).
   It affects your dexterity (+3).
   It makes you less stealthy.
 V - a +6 amulet of reflection (around neck)
 X - the amulet "Giriestry" {Faith rF++ rC+ Int-2 Dex-5 Stlth+}
   (You took it off a deep elf blademaster on level 3 of the Elven Halls)

   [amulet of faith]

   It allows you to gain divine favour quickly.
   It affects your intelligence (-2).
   It affects your dexterity (-5).
   It greatly protects you from fire.
   It protects you from cold.
   It makes you more stealthy.
Wands
 n - a wand of iceblast (62)
 v - a wand of scattershot (6)
 E - a wand of clouds (7)
 L - a wand of enslavement (19)
 N - a wand of acid (39)
 R - a wand of digging (14)
 S - a wand of polymorph (41)
 T - a wand of disintegration (29)
 W - a wand of paralysis (48)
Scrolls
 e - 30 scrolls of identify
 j - 17 scrolls of remove curse
 m - 3 scrolls of silence
 o - 5 scrolls of blinking
 p - 9 scrolls of fear
 q - a scroll of holy word
 t - 21 scrolls of teleportation
 w - 7 scrolls of fog
 O - 10 scrolls of magic mapping
Potions
 d - 7 potions of might
 f - a potion of haste
 g - 11 potions of heal wounds
 l - 20 potions of curing
 u - 9 potions of lignification
 x - 9 potions of flight
 y - 4 potions of ambrosia
 z - 3 potions of resistance
 H - 5 potions of agility
 K - 2 potions of invisibility
 Y - 4 potions of cancellation
Comestibles
 I - 67 rations


   Skills:
 + Level 26.1 Fighting
 - Level 26.0 Axes
 - Level 26.0 Crossbows
 + Level 24.5 Armour
 + Level 22.8 Dodging


You had 26 spell levels left.
You didn't know any spells.

Dungeon Overview and Level Annotations

Branches:
Dungeon (15/15)            Temple (1/1) D:7            Lair (6/6) D:11
 Shoals (4/4) Lair:3        Snake (4/4) Lair:2        Slime (0/5) Lair:5
    Orc (2/2) D:11            Elf (3/3) Orc:2        Vaults (5/5) D:13
  Crypt (0/3) Vaults:2     Depths (5/5) D:15            Zot (5/5) Depths:5

Altars:
Cheibriados
Dithmenos
Elyvilon
Gozag
Makhleb
Nemelex Xobeh
Qazlal
Ru
Sif Muna
Trog
Vehumet
Zin
The Shining One
Beogh
Jiyva
Lugonu

Shops:
D:4 ((%?   D:6 :   D:10 [   D:13 ?   D:15 }   Orc:1 }   Orc:2 [(!==
Vaults:5 [   Depths:2 =?(=

Portals:
Hell: Depths:1 Depths:2 Depths:3 Depths:4 Depths:5
Abyss: Depths:2 Depths:4
Pandemonium: Depths:3
Ziggurat: Depths:3
Trove: D:15 (give 7 potions of agility)


Innate Abilities, Weirdness & Mutations

You reflexively headbutt those who attack you in melee.
You have a pair of horns on your head.
You tend to lose your temper in combat.
You are frail. (-10% HP)
You sometimes yell uncontrollably at your foes.
Potions are poor at restoring your health.


Message History

You feel somewhat more hungry.
There is a stone staircase leading up here.
You climb upwards.
There is a stone staircase leading down here.
You feel the effects of Trog's Hand fading.
There is an open door here.
Your skin stops crawling.
You feel less resistant to hostile enchantments.
There is a stone staircase leading up here.
You climb upwards.
There is a stone staircase leading down here.
There is a stone staircase leading up here.
You climb upwards.
There is a stone staircase leading down here.
Evoke which item? (* to show all) (? for menu, Esc to quit)
Aiming: Dig
Press: ? - help, Shift-Dir - straight line The rock shatters into small pieces.
There is a staircase leading out of the dungeon here.
You have escaped!

P.####.###........##########.....
P..###..##........#P♣PPP #....#
♣♣................#..P.P #.....
.............##...#...P. #.....
.##.....#.........#..♣.. #.....
###.....###..##...#....P #..... #
#...)...........#PP.PP #.....
#.........##....#P♣PPP #.....
#........##...@.#P.PPP #.....
#).......##.....#PPPP. #.....
#........##.....#♣.P♣ #..###
##[..##...#......#♣.♣.P #.## #
#..###...........#P.P.P #.# ##
##.###.....#.#....#♣P ♣ #.# #.
#............#....# ♣P #.# #.
#..(..###.........# P. #.# #.
#.>...# #....#....# #.###.


There were no monsters in sight!

Vanquished Creatures
  4 ancient liches
  6 orbs of fire
  4 juggernauts
  Boris (Vaults:2)
  Saint Roka (Orc:2)
  5 curse toes
  3 caustic shrikes (Depths:4)
  2 Killer Klowns (Zot:5)
  Nikola (Depths:1)
  10 golden dragons
  A bone dragon (Depths:5)
  2 liches
  3 electric golems
  14 tentacled monstrosities
  25 Orb Guardians (Zot:5)
  2 deep elf master archers (Elf:3)
  A deep elf blademaster (Elf:3)
  11 quicksilver dragons
  5 death cobs
  6 sphinxes
  An Executioner (Depths:1)
  5 titans
  Kirke (D:13)
  9 draconian monks
  9 shadow dragons
  Ilsuiw (Shoals:4)
  9 nagarajas
  8 tengu reavers
  19 storm dragons
  13 deep elf sorcerers
  12 frost giants
  An orc warlord (Orc:1)
  17 fire giants
  14 vault wardens
  5 ghost moths
  3 draconian shifters
  7 draconian annihilators
  3 draconian knights
  Aizul (Snake:1)
  The ghost of shakethe the Severer, a journeyman DsBe of Trog (D:14)
  9 deep elf elementalists
  3 iron dragons
  A cacodemon (Abyss:4)
  An angel (Depths:3)
  27 stone giants
  2 war gargoyles
  30 very ugly things
  2 draconian stormcallers
  13 ironheart preservers
  An entropy weaver (Vaults:4)
  5 deep elf demonologists
  A lorocyproca (D:5)
  9 black draconians
  3 vampire knights
  7 green draconians
  15 purple draconians
  16 white draconians
  11 yellow draconians
  9 deep elf annihilators
  5 red draconians
  The ghost of ceb the Cleaver, a journeyman HOFi of Beogh (Lair:2)
  6 spark wasps
  4 merfolk javelineers
  2 green deaths
  Snorg (D:12)
  The ghost of troglodite the Protected, a journeyman DsBe of Trog (D:13)
  Josephine (D:11)
  12 fire dragons
  7 deep elf death magi
  7 merfolk impalers
  A crystal guardian (Vaults:2)
  The ghost of SaintRoka the Slicer, a journeyman VSGl of Okawaru (D:14)
  6 deep elf high priests
  17 ettins
  10 great orbs of eyes
  22 yaktaur captains
  A minotaur (Lab)
  15 ogre magi
  31 vault guards
  7 rakshasas
  Erolcha (D:9)
  3 spriggan air magi
  2 peacekeepers (Elf:1)
  13 naga warriors
  A hell beast (Depths:5)
  6 hydras
  14 ice dragons
  8 centaur warriors
  2 merfolk avatars
  12 anacondas
  7 merfolk aquamancers
  4 death knights
  25 dancing weapons
  An alligator (shapeshifter) (Depths:4)
  2 catoblepae (Lair:6)
  A satyr (shapeshifter) (Depths:3)
  2 tengu warriors
  3 death yaks (Lair:6)
  5 orc high priests (Orc:2)
  50 two-headed ogres
  23 deep elf knights
  3 vampire magi
  10 deep troll shamans
  2 hell hogs
  10 deep troll earth magi
  3 thrashing horrors (Abyss:4)
  7 spriggan berserkers
  A sun demon (Zot:4)
  12 naga sharpshooters
  2 shock serpents
  A wretched star (Abyss:4)
  A fire crab (shapeshifter) (D:15)
  4 salamander mystics
  An iron troll (Depths:3)
  3 shadow wraiths
  11 sea snakes
  2 flayed ghosts
  An unseen horror (shapeshifter) (Vaults:2)
  A death drake (shapeshifter) (Vaults:3)
  12 hell knights
  6 skeletal warriors
  22 deep trolls
  4 unseen horrors
  6 glowing orange brains
  A deep troll (shapeshifter) (Depths:3)
  A swamp dragon (Lair:6)
  26 deep elf archers
  A glowing orange brain (shapeshifter) (Depths:4)
  11 naga ritualists
  An obsidian statue (Zot:5)
  An orange crystal statue (Zot:5)
  16 ironbrand convokers
  A torturous demonspawn (Depths:3)
  5 phantasmal warriors (Vaults:5)
  12 orc knights
  3 wizards
  An orb spider (shapeshifter) (Depths:5)
  5 wolf spiders
  4 necromancers
  An iron dragon zombie (Abyss:4)
  18 harpies
  A cyclops (shapeshifter) (Depths:3)
  A mana viper (shapeshifter) (Vaults:2)
  An orc sorcerer (Orc:1)
  13 mana vipers
  The ghost of shakethe the Firebug, a novice HOFE (D:4)
  17 cyclopes
  4 fauns (Shoals:2)
  32 ugly things
  An oklob plant (Lair:6)
  A moth of wrath (shapeshifter) (Depths:2)
  71 deep elf magi
  A faun (shapeshifter) (Vaults:5)
  3 elephants
  23 moths of wrath
  A black mamba (shapeshifter) (Vaults:3)
  18 vault sentinels
  10 salamanders
  A guardian serpent (shapeshifter) (Vaults:4)
  2 worldbinders (Abyss:4)
  12 merfolk sirens
  A human skeleton (Vaults:1)
  Maurice (D:11)
  16 manticores
  A water nymph (shapeshifter) (Elf:3)
  49 black mambas
  3 guardian serpents
  31 naga magi
  An eye of devastation (shapeshifter) (Vaults:3)
  An elephant (shapeshifter) (Vaults:4)
  2 torpor snails (Lair:6)
  Joseph (D:7)
  2 smoke demons (Abyss:4)
  9 water nymphs
  11 spiny frogs
  3 centaur skeletons
  An orange demon (Depths:3)
  2 kobold demonologists (D:15)
  10 komodo dragons
  A human zombie (Vaults:1)
  An efreet (D:13)
  62 yaktaurs
  2 hellions (Abyss:4)
  5 rime drakes
  An ice devil (Depths:3)
  An ancient zyme (Abyss:4)
  2 hellwings (Depths:3)
  4 tengu conjurers
  12 trolls
  2 guardian mummies (D:15)
  12 freezing wraiths
  32 merfolk
  A yaktaur skeleton (Vaults:1)
  A hornet (shapeshifter) (Vaults:3)
  2 red devils
  10 large abominations
  Grinder (D:5)
  6 polar bears
  3 meliai (D:14)
  5 wind drakes
  A harpy skeleton (D:14)
  A hippogriff (shapeshifter) (Depths:1)
  4 hornets
  11 raiju (Abyss:4)
  A raiju (shapeshifter) (Vaults:3)
  28 slime creatures
  2 snapping turtles (shapeshifter)
  17 dream sheep
  7 blink frogs (Lair:6)
  11 hippogriffs
  3 snapping turtles
  39 yaks
  27 water elementals
  6 air elementals
  A shadow (D:12)
  2 ynoxinuls (Abyss:4)
  3 redbacks (Vaults:4)
  A spriggan (shapeshifter) (Depths:2)
  A wyvern (Lair:4)
  A tarantella (Vaults:4)
  3 fire elementals
  7 basilisks
  2 hogs (shapeshifter)
  3 hogs
  9 wraiths
  A yaktaur simulacrum (Vaults:3)
  Eustachio (D:6)
  3 chaos spawn
  3 steam dragons
  2 hungry ghosts
  A basilisk (shapeshifter) (Vaults:5)
  A neqoxec (Abyss:4)
  6 acid dragons
  2 insubstantial wisps (Depths:1)
  3 small abominations (Abyss:4)
  5 wargs
  56 nagas
  2 soldier ants (D:8)
  An acid dragon (shapeshifter) (Depths:3)
  9 water moccasins
  A floating eye (Depths:4)
  7 hell hounds
  5 porcupines
  6 ice beasts
  56 orc warriors
  A sky beast (D:12)
  2 phantoms (D:8)
  2 swamp drakes (Lair:6)
  2 black bears
  19 starcursed masses (Abyss:4)
  An ettin simulacrum (Vaults:1)
  4 necrophages
  39 ogres
  A boggart (shapeshifter) (Vaults:5)
  4 boggarts (Vaults:2)
  11 wolves
  15 centaurs
  2 elf simulacra
  12 crocodiles
  2 big kobolds (D:15)
  15 bullfrogs
  2 gnoll sergeants (D:10)
  A wyvern zombie (D:14)
  3 earth elementals
  A scorpion (D:5)
  A wyvern skeleton (D:13)
  A water moccasin skeleton (D:11)
  7 wights
  12 killer bees
  A howler monkey (shapeshifter) (Depths:4)
  4 electric eels
  A vampire bat (Depths:1)
  8 crimson imps
  A bullfrog zombie (D:7)
  5 lava snakes (Snake:3)
  32 orc priests
  5 centaur zombies
  3 quasits
  2 hounds
  4 jellies
  2 bullfrog skeletons
  19 orc wizards
  A gnoll shaman (D:8)
  4 iron imps
  Crazy Yiuf (D:7)
  5 iguanas
  7 worker ants
  2 hell rats (Lair:1)
  5 big kobold zombies (Ossuary)
  A hound skeleton (D:4)
  A hound zombie (D:11)
  2 mummies
  A howler monkey zombie (D:9)
  12 gnolls
  8 river rats (Lair:1)
  25 adders
  7 shadow imps
  2 white imps
  2 ufetubi
  An ooze (D:3)
  An adder skeleton (D:8)
  An adder zombie (D:9)
  4 worms
  2 dart slugs
  8 leopard geckos
  96 orcs
  3 spectral bats (Ossuary)
  4 giant cockroaches
  7 goblins
  6 hobgoblins
  9 jackals
  11 kobolds
  3 quokkas
  9 ball pythons
  4 bats
  A bat simulacrum (Ossuary)
  6 frilled lizards
  7 gnoll zombies (Ossuary)
  5 goblin simulacra (Ossuary)
  4 goblin zombies (Ossuary)
  4 hobgoblin zombies (Ossuary)
  7 kobold simulacra (Ossuary)
  7 kobold zombies (Ossuary)
  A leopard gecko skeleton (D:7)
  3 orc zombies (Ossuary)
  10 rats
  2 rat simulacra (Ossuary)
  4 spectral goblins (Ossuary)
  3 spectral kobolds (Ossuary)
  4 spectral rats (Ossuary)
  2 fungi
  15 plants
2461 creatures vanquished.

Vanquished Creatures (collateral kills)
  A deep elf blademaster (Elf:3)
  A deep elf sorcerer (Elf:3)
  A small abomination (Elf:3)
  A komodo dragon (D:12)
  A hippogriff (D:12)
  A crimson imp (D:12)
6 creatures vanquished.

Vanquished Creatures (others)
  A deep elf master archer (Elf:3)
  A fire giant (Vaults:4)
  A vault warden (Vaults:5)
  2 stone giants
  A deep elf annihilator (Vaults:4)
  An ogre mage (Depths:1)
  A tengu warrior (Depths:4)
  A naga sharpshooter (Snake:2)
  A deep elf archer (Elf:2)
  A deep elf mage (Elf:2)
  2 yaktaurs
  A raiju (Abyss:4)
  A human (D:13)
  An ogre (Vaults:4)
  An orc priest (Vaults:2)
  2 orcs
  18 fungi
  38 plants
75 creatures vanquished.

Grand Total: 2542 creatures vanquished

Notes
Turn   | Place    | Note
-------+----------+-------------------------------------------
     0 | D:1      | pk666 the Minotaur Berserker began the quest for the Orb.
     0 | D:1      | Reached XP level 1. HP: 19/19 MP: 0/0
   178 | D:1      | Reached XP level 2. HP: 13/27 MP: 1/1
   822 | D:2      | Reached ** piety under Trog
   822 | D:2      | Reached XP level 3. HP: 31/34 MP: 2/2
   853 | D:2      | Reached skill level 5 in Fighting
   853 | D:2      | Reached skill level 5 in Axes
   853 | D:2      | Reached XP level 4. HP: 25/42 MP: 3/3
  1217 | D:2      | Reached XP level 5. HP: 33/48 MP: 4/4
  1736 | D:3      | Reached *** piety under Trog
  1856 | D:3      | Reached XP level 6. HP: 41/58 MP: 5/5
  2394 | D:4      | Found Ymusa's Magic Scroll Shop.
  2447 | D:4      | Noticed shakethe's ghost (novice HOFE)
  2461 | D:4      | Killed shakethe's ghost
  2461 | D:4      | Reached XP level 7. HP: 61/68 MP: 6/6
  2521 | D:4      | Found Mustira's Weapon Shoppe.
  2585 | D:4      | Found Inudd's Antique Weapon Emporium.
  2679 | D:4      | Found Waofibil's Food Boutique.
  2978 | D:5      | Entered Level 5 of the Dungeon
  2978 | D:5      | Noticed Grinder
  2982 | D:5      | Reached XP level 8. HP: 74/75 MP: 7/7
  2990 | D:5      | Killed Grinder
  3418 | D:5      | Reached **** piety under Trog
  3826 | D:6      | Found Iqoem's Book Boutique.
  3906 | D:6      | Noticed Eustachio
  3917 | D:6      | Killed Eustachio
  3917 | D:6      | Reached skill level 10 in Fighting
  3917 | D:6      | Reached skill level 10 in Axes
  4497 | D:7      | Found a runed door.
  4592 | D:7      | Reached skill level 1 in Crossbows
  4665 | D:7      | Noticed Joseph
  4685 | D:7      | Killed Joseph
  4685 | D:7      | Reached XP level 9. HP: 58/85 MP: 3/8
  4738 | D:7      | Found a sand-covered staircase.
  4854 | Ossuary  | Entered an ossuary
  5198 | Ossuary  | Reached ***** piety under Trog
  5264 | Ossuary  | Received a gift from Trog
  5948 | D:7      | Found a staircase to the Ecumenical Temple.
  6175 | Temple   | Entered the Ecumenical Temple
  6265 | D:7      | Noticed Crazy Yiuf
  6272 | D:7      | Killed Crazy Yiuf
  6336 | D:8      | Received a gift from Trog
  6647 | D:8      | Reached skill level 5 in Crossbows
  7123 | D:8      | Reached XP level 10. HP: 90/94 MP: 7/9
  7401 | D:8      | Found a white marble altar of Elyvilon.
  7401 | D:8      | Found a sparkling altar of Nemelex Xobeh.
  7406 | D:8      | Found a faded altar of an unknown god.
  7408 | D:8      | Found a shadowy altar of Dithmenos.
  7410 | D:8      | Found a snail-covered altar of Cheibriados.
  8730 | D:9      | Noticed Erolcha
  8737 | D:9      | Killed Erolcha
  8835 | D:10     | Entered Level 10 of the Dungeon
  9354 | D:10     | Found Paeg's Armour Shop.
 10140 | D:11     | Found a staircase to the Lair.
 10147 | D:11     | Noticed a cyclops
 10160 | D:11     | Killed a cyclops
 10160 | D:11     | Reached XP level 11. HP: 104/104 MP: 6/10
 10162 | D:11     | Received a gift from Trog
 10802 | D:11     | Noticed Josephine
 10817 | D:11     | Killed Josephine
 10902 | D:11     | Found a staircase to the Orcish Mines.
 10952 | D:11     | Received a gift from Trog
 11310 | D:12     | Noticed Snorg
 11316 | D:12     | Killed Snorg
 11316 | D:12     | Reached skill level 10 in Crossbows
 11357 | D:12     | Noticed a white ugly thing
 11370 | D:12     | Killed a white ugly thing
 11372 | D:12     | Received a gift from Trog
 11626 | D:12     | Noticed a two-headed ogre
 11636 | D:12     | Killed a two-headed ogre
 11787 | D:12     | Noticed a cyan ugly thing
 11804 | D:12     | Killed a cyan ugly thing
 11810 | D:12     | Reached XP level 12. HP: 49/113 MP: 6/11
 12149 | D:12     | Noticed a seven-headed hydra
 12154 | D:12     | Reached skill level 15 in Axes
 12160 | D:12     | Killed a ten-headed hydra
 12415 | D:13     | Noticed troglodite's ghost (journeyman DsBe)
 12421 | D:13     | Received a gift from Trog
 12421 | D:13     | Reached skill level 5 in Armour
 12422 | D:13     | Noticed a five-headed hydra
 12811 | D:12     | Killed an 11-headed hydra
 13008 | D:13     | Noticed a yaktaur captain
 13209 | D:13     | Found a deep blue altar of Sif Muna.
 13230 | D:12     | HP: 4/115 [komodo dragon (17)]
 13232 | D:12     | Reached skill level 5 in Dodging
 13617 | D:13     | HP: 1/115 [yaktaur captain/bolt (27)]
 14064 | Lair:1   | Entered Level 1 of the Lair of Beasts
 14997 | Lair:2   | HP: 4/172 [polar bear (15)]
 15447 | Lair:2   | Noticed ceb's ghost (journeyman HOFi)
 15466 | Lair:2   | Killed ceb's ghost
 15775 | Lair:2   | Noticed a four-headed hydra
 15785 | Lair:2   | Killed a four-headed hydra
 15943 | Lair:2   | Found a staircase to the Snake Pit.
 16343 | Lair:3   | Noticed a five-headed hydra
 16353 | Lair:3   | Killed a five-headed hydra
 16381 | Lair:3   | Found a labyrinth entrance.
 16559 | Lair:3   | Found the +2 ratskin cloak {+Rats rPois rN+ Str-1 Int-1 Dex+1}
 16583 | Lair:3   | Found a staircase to the Shoals.
 16796 | Lab      | Entered a labyrinth
 16976 | Lab      | Noticed a minotaur
 16980 | Lab      | Killed a minotaur
 16980 | Lab      | Reached XP level 13. HP: 88/123 MP: 7/12
 16993 | Lab      | Identified the Handbook of the Fetching Mountains
 18503 | Lair:5   | Found a viscous altar of Jiyva.
 18503 | Lair:5   | Found a staircase to the Slime Pits.
 18645 | Lair:5   | Received a gift from Trog
 19061 | Lair:6   | Entered Level 6 of the Lair of Beasts
 19798 | Lair:6   | Reached XP level 14. HP: 120/133 MP: 13/13
 20886 | Lair:6   | Received a gift from Trog
 21777 | Orc:1    | Entered Level 1 of the Orcish Mines
 21784 | Orc:1    | Noticed Maurice
 21802 | D:11     | Killed Maurice
 22176 | Orc:1    | Noticed an orc warlord
 22183 | Orc:1    | Received a gift from Trog
 22192 | Orc:1    | Killed an orc warlord
 22491 | Orc:1    | Found a burning altar of Makhleb.
 22655 | Orc:1    | Found Meulez's Gadget Shoppe.
 22861 | Orc:2    | Entered Level 2 of the Orcish Mines
 23180 | Orc:2    | Found Zimiw's Jewellery Boutique.
 23387 | Orc:2    | Found a roughly hewn altar of Beogh.
 23462 | Orc:2    | Found a staircase to the Elven Halls.
 23545 | Orc:2    | Noticed Saint Roka
 23553 | Orc:2    | Received a gift from Trog
 23593 | Orc:2    | Noticed a stone giant
 23903 | Orc:2    | Killed Saint Roka
 23903 | Orc:2    | Reached skill level 15 in Fighting
 23903 | Orc:2    | Reached skill level 10 in Armour
 24116 | Orc:2    | Killed a stone giant
 24593 | Orc:2    | Received a gift from Trog
 24777 | Orc:2    | Received a gift from Trog
 25037 | Orc:2    | Found Pataleyt's Jewellery Emporium.
 25037 | Orc:2    | Found Ufewke's Distillery.
 25038 | Orc:2    | Found Dukhlaf's Weapon Shoppe.
 25038 | Orc:2    | Found Cuygoah's Armour Emporium.
 25352 | Shoals:1 | Entered Level 1 of the Shoals
 25420 | Shoals:1 | Reached XP level 15. HP: 81/141 MP: 14/14
 25685 | Shoals:1 | Reached ****** piety under Trog
 26326 | Shoals:2 | Received a gift from Trog
 26347 | Shoals:2 | Got a steaming executioner's axe {god gift}
 26639 | Shoals:1 | Identified the +7 executioner's axe of Kovoghax {venom, rElec Int+6} (Trog gifted it to you on level 2 of the Shoals)
 26766 | Shoals:2 | Reached skill level 10 in Dodging
 27610 | Shoals:2 | Got a steaming silver ring
 28999 | Shoals:3 | Received a gift from Trog
 29045 | Shoals:3 | Got a bloodstained spear
 29046 | Shoals:3 | Identified the cursed +0 spear of Big Damage {antimagic, rElec Str+3 Dex+4} (You found it on level 3 of the Shoals)
 29133 | Shoals:4 | Entered Level 4 of the Shoals
 29638 | Shoals:4 | Noticed Ilsuiw
 29913 | Shoals:4 | Killed Ilsuiw
 30298 | Shoals:4 | Reached XP level 16. HP: 88/151 MP: 15/15
 31391 | Shoals:4 | Received a gift from Trog
 33249 | Shoals:4 | Got a barnacled rune of Zot
 33430 | Lair:1   | Identified the ring of Toushur {*Contam rF+ rC+ SInv Stlth-} (You found it on level 2 of the Shoals)
 33537 | D:10     | Bought a +2 pair of boots of stealth for 236 gold pieces
 33684 | Snake:1  | Entered Level 1 of the Snake Pit
 34297 | Snake:1  | Received a gift from Trog
 34959 | Snake:1  | Noticed Aizul
 34972 | Snake:1  | Killed Aizul
 35069 | Snake:1  | Received a gift from Trog
 35407 | Snake:2  | Reached skill level 15 in Crossbows
 35741 | Snake:2  | Reached XP level 17. HP: 159/160 MP: 16/16
 37197 | Snake:3  | Found a stormy altar of Qazlal.
 37827 | Snake:3  | Received a gift from Trog
 37877 | Snake:3  | Got a bloodstained quarterstaff {god gift}
 37898 | Snake:3  | Lost intelligence.
 37898 | Snake:3  | Identified the +2 quarterstaff "Raymeoc" {crush, +Blink rElec rN++ Int-3} (Trog gifted it to you on level 3 of the Snake Pit)
 38372 | Snake:4  | Entered Level 4 of the Snake Pit
 39346 | Snake:4  | Received a gift from Trog
 39824 | Snake:4  | Received a gift from Trog
 40074 | Snake:4  | Received a gift from Trog
 40667 | Snake:4  | Reached XP level 18. HP: 170/170 MP: 17/17
 40836 | Snake:4  | Received a gift from Trog
 40873 | Snake:4  | Got a serpentine rune of Zot
 41341 | D:13     | Noticed Kirke
 41352 | D:13     | Killed troglodite's ghost
 41358 | D:13     | Killed Kirke
 41633 | D:13     | Found a gate to the Vaults.
 41687 | D:13     | Found Fygius's Magic Scroll Shop.
 41893 | D:14     | Noticed shakethe's ghost (journeyman DsBe)
 41903 | D:14     | Killed shakethe's ghost
 42024 | D:14     | Received a gift from Trog
 42202 | D:14     | Noticed SaintRoka's ghost (journeyman VSGl)
 42212 | D:14     | Killed SaintRoka's ghost
 42705 | D:15     | Entered Level 15 of the Dungeon
 42807 | D:15     | Found a portal to a secret trove of treasure.
 42813 | D:15     | Received a gift from Trog
 43146 | D:15     | Gained mutation: You are frail. (-10% HP) [a neqoxec]
 43150 | D:15     | Received a gift from Trog
 43190 | D:15     | Found Nuypaum's Gadget Emporium.
 43749 | D:15     | Found a staircase to the Depths.
 43785 | D:15     | Found a stormy altar of Qazlal.
 43917 | Vaults:1 | Entered Level 1 of the Vaults
 44434 | Depths:1 | Entered Level 1 of the Depths
 45296 | Depths:1 | Noticed Nikola
 45317 | Depths:1 | Killed Nikola
 45754 | Depths:1 | Received a gift from Trog
 46411 | Depths:1 | Found a gateway to Hell.
 46842 | Depths:1 | Reached XP level 19. HP: 136/161 MP: 18/18
 46857 | Depths:1 | Identified the Handbook of the Road Less Travelled
 47052 | Elf:1    | Entered Level 1 of the Elven Halls
 47344 | Elf:1    | Received a gift from Trog
 47828 | Elf:1    | Received a gift from Trog
 48468 | Elf:2    | Received a gift from Trog
 48756 | Elf:2    | Received a gift from Trog
 48811 | Elf:2    | Found a radiant altar of Vehumet.
 48985 | Elf:2    | Received a gift from Trog
 49091 | Elf:2    | Received a gift from Trog
 49143 | Elf:2    | Found a huge runed gate.
 49143 | Elf:2    | Found a huge runed gate.
 49143 | Elf:2    | Found a huge runed gate.
 49144 | Elf:2    | Found a huge runed gate.
 49145 | Elf:2    | Found a huge runed gate.
 49419 | Elf:2    | Reached skill level 15 in Armour
 49995 | Elf:2    | Received a gift from Trog
 50286 | Elf:3    | Entered Level 3 of the Elven Halls
 51079 | Elf:3    | Received a gift from Trog
 51715 | Elf:3    | Received a gift from Trog
 52081 | Elf:3    | Reached XP level 20. HP: 95/170 MP: 19/19
 52087 | Elf:3    | Got a slimy lead amulet
 53103 | Elf:3    | Got a scorched tin ring
 53230 | Elf:3    | Got an ancient battleaxe {pain}
 53231 | Elf:3    | Identified the +6 battleaxe of Dem Coq {pain, Int+3} (You took it off a deep elf sorcerer on level 3 of the Elven Halls)
 53234 | Elf:3    | Identified the amulet "Giriestry" {Faith rF++ rC+ Int-2 Dex-5 Stlth+} (You took it off a deep elf blademaster on level 3 of the Elven Halls)
 53235 | Elf:3    | Identified the ring of the Inquisitive Demons {rC- MR+ Int+6} (You took it off a deep elf elementalist on level 3 of the Elven Halls)
 53623 | Elf:3    | Received a gift from Trog
 53771 | Elf:3    | Received a gift from Trog
 53804 | Elf:3    | Got a pair of smoking gloves
 53805 | Elf:3    | Identified the +0 pair of gloves of the Commoners {*Slow +Blink rN++ Dex+9} (You found it on level 3 of the Elven Halls)
 53850 | Elf:3    | Got a smoking lapis lazuli ring
 53870 | Elf:3    | Identified the ring "Neybu" {Wiz Int+3} (You took it off a deep elf death mage on level 3 of the Elven Halls)
 53873 | Elf:3    | Got a sparkling steel ring
 53875 | Elf:3    | Identified the ring "Ellaoxza" {Str+3 Int+3 Dex+3 Stlth-} (You took it off a deep elf elementalist on level 3 of the Elven Halls)
 54781 | Depths:2 | Received a gift from Trog
 55371 | Depths:2 | Found Afodugo's Jewellery Shop.
 55601 | Depths:2 | Found Homaofapn's Antique Weapon Boutique.
 55601 | Depths:2 | Found Cank's Magic Scroll Shop.
 55607 | Depths:2 | Found Zoafad's Jewellery Boutique.
 55684 | Depths:2 | Received a gift from Trog
 55975 | Depths:2 | Found a corrupted altar of Lugonu.
 55978 | Depths:2 | Found a one-way gate to the infinite horrors of the Abyss.
 56193 | Depths:2 | Reached skill level 15 in Dodging
 56379 | Depths:2 | Reached XP level 21. HP: 178/178 MP: 20/20
 56545 | Depths:2 | Received a gift from Trog
 57004 | Depths:3 | Received a gift from Trog
 57105 | Depths:3 | Got an iridescent arbalest {god gift}
 57106 | Depths:3 | Identified the +6 arbalest of Trog's Indignation {velocity, +Fly Str+4} (Trog gifted it to you on level 3 of the Depths)
 57185 | Depths:3 | Found a gateway to a ziggurat.
 57222 | Depths:3 | Noticed a juggernaut
 57238 | Depths:3 | Killed a juggernaut
 58547 | Depths:3 | Received a gift from Trog
 58713 | Depths:3 | Found a one-way gate leading to the halls of Pandemonium.
 58939 | Depths:3 | Found a glowing golden altar of the Shining One.
 59260 | Depths:4 | Found an opulent altar of Gozag.
 59260 | Depths:4 | Found a shadowy altar of Dithmenos.
 59262 | Depths:4 | Found a bloodstained altar of Trog.
 59789 | Depths:4 | Noticed a juggernaut
 59796 | Depths:4 | Killed a juggernaut
 60018 | Depths:4 | Noticed a juggernaut
 60025 | Depths:4 | Killed a juggernaut
 60025 | Depths:4 | Received a gift from Trog
 60025 | Depths:4 | Reached XP level 22. HP: 188/188 MP: 21/21
 60105 | Depths:4 | Noticed a golden dragon
 60120 | Depths:4 | Killed a golden dragon
 60269 | Depths:4 | Noticed a caustic shrike
 60284 | Depths:4 | Killed a caustic shrike
 60284 | Depths:4 | Received a gift from Trog
 61637 | Depths:4 | Noticed a juggernaut
 61646 | Depths:4 | Killed a juggernaut
 61749 | Depths:4 | Noticed a caustic shrike
 61766 | Depths:4 | Killed a caustic shrike
 62283 | Depths:4 | Received a gift from Trog
 62305 | Depths:4 | Got a transparent hand axe {god gift}
 62306 | Depths:4 | Identified the +10 hand axe of the Fray {freeze, *Slow +Rage rC+ Int+4} (Trog gifted it to you on level 4 of the Depths)
 62327 | Depths:4 | Noticed a caustic shrike
 62336 | Depths:4 | Killed a caustic shrike
 62860 | Depths:5 | Entered Level 5 of the Depths
 63570 | Depths:5 | Reached XP level 23. HP: 178/195 MP: 22/22
 64524 | Depths:5 | Received a gift from Trog
 64888 | Depths:5 | Found a gate to the Realm of Zot.
 66596 | Vaults:1 | Received a gift from Trog
 67234 | Vaults:2 | Received a gift from Trog
 67287 | Vaults:2 | Received a gift from Trog
 67909 | Vaults:2 | Cast into level 4 of the Abyss (a deep elf sorcerer)
 67909 | Abyss:4  | Found a corrupted altar of Lugonu.
 67916 | Abyss:4  | Found a basalt altar of Yredelemnul.
 67932 | Abyss:4  | Found a corrupted altar of Lugonu.
 68069 | Abyss:4  | Gained mutation: Potions are less effective at restoring your health. [a neqoxec]
 68195 | Abyss:4  | Received a gift from Trog
 68198 | Abyss:4  | Gained mutation: You tend to lose your temper in combat. [a cacodemon]
 68219 | Abyss:4  | Paralysed by accursed screaming for 1 turns
 68227 | Abyss:4  | Paralysed by accursed screaming for 1 turns
 68272 | Abyss:4  | Paralysed by accursed screaming for 1 turns
 68303 | Vaults:2 | Escaped the Abyss
 68321 | Vaults:2 | Received a gift from Trog
 68812 | Vaults:2 | Found a staircase to the Crypt.
 69021 | Vaults:2 | Reached XP level 24. HP: 173/205 MP: 22/22
 69035 | Vaults:2 | Received a gift from Trog
 69301 | Vaults:2 | Noticed Boris
 69311 | Vaults:2 | Killed Boris
 70704 | Vaults:3 | Received a gift from Trog
 70787 | Vaults:3 | Received a gift from Trog
 72112 | Vaults:4 | Received a gift from Trog
 73370 | Vaults:4 | Received a gift from Trog
 73597 | Vaults:5 | Entered Level 5 of the Vaults
 73652 | Vaults:4 | Received a gift from Trog
 73911 | Vaults:4 | Reached XP level 25. HP: 206/211 MP: 22/22
 74166 | Vaults:4 | Received a gift from Trog
 74337 | Vaults:5 | Noticed an ancient lich
 74810 | Vaults:5 | Got a warped marble ring
 74887 | Vaults:5 | Received a gift from Trog
 75077 | Vaults:5 | Killed an ancient lich
 75277 | Vaults:5 | Identified the ring "Xaugitus" {Str+3 SInv} (You took it off an ironheart preserver on level 5 of the Vaults)
 75446 | Vaults:5 | Got a translucent golden amulet
 75641 | Vaults:5 | Found Exiupnel's Armour Shoppe.
 75678 | Vaults:5 | Got a steaming war axe
 75679 | Vaults:5 | Identified the +4 war axe "Cakhlumo" {drain, rElec MR+} (You found it on level 5 of the Vaults)
 75680 | Vaults:5 | Identified the amulet "Wiuluox" {RegenMP rC- Str+3 Stlth+} (You took it off a deep elf demonologist on level 5 of the Vaults)
 75974 | Vaults:5 | Got a silver rune of Zot
 76065 | Vaults:5 | Got a heavily runed chain mail
 76066 | Vaults:5 | Identified the +7 chain mail "Ehoisim" {Int+3} (You took it off a vault warden on level 5 of the Vaults)
 76591 | Zot:1    | Entered Level 1 of the Realm of Zot
 76746 | Zot:1    | Received a gift from Trog
 77616 | Zot:1    | Noticed an orb of fire
 77633 | Zot:1    | Gained mutation: Potions are poor at restoring your health. [an orb of fire]
 77634 | Zot:1    | Killed an orb of fire
 77634 | Zot:1    | Reached XP level 26. HP: 124/222 MP: 22/22
 80004 | Zot:3    | Identified a scroll of acquirement
 80735 | Zot:3    | Received a gift from Trog
 81959 | Zot:3    | Received a gift from Trog
 82631 | Lair:1   | Got a transparent bronze amulet
 82633 | Lair:1   | Identified the amulet "Giof" {Faith rC- Int+3 Dex+8} (You acquired it on level 1 of the Lair of Beasts)
 82797 | Orc:2    | Bought a potion of haste for 170 gold pieces
 82797 | Orc:2    | Bought a potion of cancellation for 136 gold pieces
 82797 | Orc:2    | Bought a potion of curing for 51 gold pieces
 82797 | Orc:2    | Bought 3 potions of heal wounds for 255 gold pieces
 84530 | Zot:4    | Reached XP level 27. HP: 203/234 MP: 22/22
 84619 | Zot:4    | Identified the cursed +0 chain mail "Pequl" {+Blink rF++ Int+2 Stlth-} (You found it on level 4 of the Realm of Zot)
 84630 | Zot:4    | Found the +7 Kryia's mail coat {PotionHeal*2 rC+}
 84788 | Zot:4    | Received a gift from Trog
 85586 | Zot:5    | Entered Level 5 of the Realm of Zot
 86497 | Zot:5    | Noticed an ancient lich
 86511 | Zot:5    | Killed an ancient lich
 86629 | Zot:5    | Noticed an orb of fire
 86645 | Zot:5    | Killed an orb of fire
 86649 | Zot:5    | Noticed an ancient lich
 86658 | Zot:5    | Killed an ancient lich
 86804 | Zot:5    | Noticed an orb of fire
 87057 | Zot:5    | Noticed an orb of fire
 87074 | Zot:5    | Gained mutation: You occasionally shout uncontrollably at your foes. [an orb of fire]
 87080 | Zot:5    | Killed an orb of fire
 87184 | Zot:5    | Noticed an ancient lich
 87219 | Zot:5    | Killed an ancient lich
 87317 | Zot:5    | Noticed an orb of fire
 87327 | Zot:5    | Killed an orb of fire
 87333 | Zot:5    | Killed an orb of fire
 87457 | Zot:5    | Noticed an orb of fire
 87472 | Zot:5    | Gained mutation: You sometimes yell uncontrollably at your foes. [an orb of fire]
 87478 | Zot:5    | Killed an orb of fire
 88361 | Zot:5    | Got the Orb of Zot
 88449 | Zot:3    | Noticed Nair Ala the pandemonium lord
 88591 | Depths:5 | Received a gift from Trog
 88965 | D:$      | Escaped with the Orb!

Skill      XL: |  1  2  3  4  5  6  7  8  9 10 11 12 13 14 15 16 17 18 19 20 21 22 23 24 25 26 27 |
---------------+----------------------------------------------------------------------------------+-----
Fighting       | 4 5 6 8 10 11 12 13 14 15 16 17 18 19 20 21 22 23 24 26 | 26.1
Axes           | 4 5 6 8 10 11 13 14 16 17 18 19 20 21 22 23 24 25 26 | 26.0
Armour         | 3 4 7 8 10 11 12 13 14 15 16 17 18 19 21 22 24 | 24.5
Crossbows      | 2 5 8 10 11 12 13 15 16 17 18 19 20 21 23 25 26 | 26.0
Dodging        | 3 4 6 8 9 10 11 12 13 14 15 16 17 18 19 21 22 | 22.8

Action                   |  1- 3 |  4- 6 |  7- 9 | 10-12 | 13-15 | 16-18 | 19-21 | 22-24 | 25-27 || total
-------------------------+-------+-------+-------+-------+-------+-------+-------+-------+-------++-------
Melee: Hand axe          |    68 |   124 |   452 |   135 |       |       |       |       |       ||   779
       Headbutt          |    10 |    18 |    99 |   142 |   164 |   196 |   195 |   336 |   220 ||  1380
       War axe           |       |       |       |   356 |       |       |       |       |       ||   356
       Battleaxe         |       |       |       |   125 |   522 |       |       |       |       ||   647
       Executioner's axe |       |       |       |       |   170 |   829 |   745 |   931 |   635 ||  3310
       Triple crossbow   |       |       |       |       |       |       |       |     1 |       ||     1
 Fire: Hand crossbow     |       |       |     2 |    37 |     8 |       |       |       |       ||    47
       Arbalest          |       |       |       |       |   247 |   422 |    44 |       |       ||   713
       Triple crossbow   |       |       |       |       |     8 |    67 |   368 |   400 |   533 ||  1376
Invok: Berserk           |     1 |     1 |     5 |    12 |     9 |     5 |     2 |     3 |     4 ||    42
       Burn Spellbooks   |       |       |     2 |     1 |     2 |     4 |     5 |       |     1 ||    15
       Trog's Hand       |       |       |       |     3 |     1 |     6 |     4 |     9 |     8 ||    31
       Brothers in Arms  |       |       |       |     3 |       |       |     2 |       |     2 ||     7
Evoke: Wand              |       |       |       |       |       |     4 |       |       |    11 ||    15
  Use: Scroll            |       |       |     2 |       |    32 |     7 |    14 |     8 |    21 ||    84
       Potion            |       |       |     2 |       |     3 |       |     2 |     3 |     2 ||    12
 Stab: Distracted        |       |       |       |     1 |       |       |       |       |     1 ||     2
       Petrified         |       |       |       |       |     1 |       |       |       |       ||     1
  Eat: Chunk             |       |     6 |    14 |    32 |    46 |    33 |    33 |    36 |    24 ||   224
       Ration            |       |       |     2 |     4 |     2 |     8 |     4 |     4 |     9 ||    33
Armor: Ring mail         |    32 |    33 |    12 |       |       |       |       |       |       ||    77
       Chain mail        |       |       |    70 |       |       |       |       |       |       ||    70
       Plate armour      |       |       |    81 |   350 |   503 |   577 |   400 |   415 |   203 ||  2529
       Gold dragon scale |       |       |       |       |       |       |       |       |   136 ||   136
Dodge: Dodged            |    45 |    68 |   129 |   234 |   325 |   523 |   491 |   650 |   530 ||  2995
Block: Other             |       |       |       |       |   208 |   255 |   200 |   201 |   135 ||   999
       Reflection        |       |       |       |       |    21 |    45 |    42 |    15 |     9 ||   132
